Zazza, neutral female human Tourist ------------ ------ ------------ #............# |....| +..........| ------- #|..........|# |....| |........>.| |.....| #|..........|# #-....| #............### ##.....<| #----------|-# #|....-#######----------.- # # |.....| #### # # #|....| # #########.^....| # # # #--|--- # # --.---- # # # ##### ### # # # # # # ### # # --------# # # `########### ############## ## |*.....|# ---.-# # ---|-.-------# # -.----- |.]....|# |..(|# # |...........|# ## |.....| |......|# |...|# # |.%.........-# |.....| |......-# |....#### ####### |...{.......|######|.....| |......| |...|#### ---|--#################............| |.....| -------- ----- ###......# ------------- ------- ###|.>.:| ....Z@f# ------ Zazza the Rambler Experience level: 1 Strength: 12 Dexterity: 11 Constitution: 15 Intelligence: 12 Wisdom: 7 Charisma: 18 Health: 0(10) Energy: 2(2) Def: 1 Gold: 1261 Moves: 1022 Dungeon seed: B0UTfTghgT5Uy9hB Game ID: Zazza_1599570767 Your Inventory: Coins $ - 1261 gold pieces Weapons a - 29 +2 darts (in quiver) r - 2 +0 orcish daggers (wielded) s - 9 +0 darts Armor e - an uncursed +0 Hawaiian shirt (being worn) q - an uncursed +0 orcish helm (being worn) Comestibles b - an uncursed sprig of wolfsbane c - an uncursed pear d - 3 uncursed tripe rations f - 4 uncursed food rations g - an uncursed slime mold w - an uncursed pancake A - an uncursed slime mold B - 2 uncursed tripe rations C - 4 uncursed food rations M - an uncursed egg Scrolls k - 3 uncursed scrolls of magic mapping t - an uncursed scroll of identify u - an uncursed scroll of confuse monster E - 2 uncursed scrolls of identify Spellbooks H - an uncursed spellbook of light Potions j - 2 uncursed potions of extra healing o - an uncursed potion of see invisible p - a blessed potion of fruit juice x - a blessed potion of invisibility D - an uncursed potion of healing I - an uncursed potion of water K - an uncursed potion of levitation L - an uncursed potion of restore ability O - an uncursed potion of confusion P - an uncursed potion of gain energy Rings v - a cursed ring of free action (on left hand) Tools l - an expensive camera (0:73) m - an uncursed credit card Gems n - an uncursed worthless piece of green glass Spells and supernatural/magical abilities: Name Level Category Fail Memory l - light 1 divination 50% 100% W - pray for help -- divine ? -- Your skills at the end: Fighting Skills Weapon Skills dart [Basic] Spellcasting Skills Final Attributes: You were nominally aligned. You had free action. You are dead. Vanquished creatures: 7 jackals a fox a kobold 4 goblins 2 sewer rats 3 grid bugs 4 newts 22 creatures vanquished. Voluntary challenges: You never hit with a wielded weapon. You were a pacifist. You read items or engraved 2 times, starting on turn 60. You never genocided any monsters. You never polymorphed an object. You never changed form. You used no wishes. You never split a pudding. You never wrote Elbereth's name. You never violated your personal moral code. Dungeon overview: The Dungeons of Doom: levels 1 to 2 Level 1 a long staircase Level 2 <- You were here a general store, a fountain stairs to The Gnomish Mines The Gnomish Mines: Level 3 stairs to The Dungeons of Doom History has recorded: On T:1 you entered the Dungeons of Doom to retrieve the Amulet of Yendor! On T:308 you reached level 2 of The Dungeons of Doom. On T:999 you reached level 1 of The Gnomish Mines. Score breakdown: Gold: 485 ( 9139 points) Experience: 1 level ( 0 points) Exploration: 3 levels ( 6.12%) ( 6123 points) Discoveries: 3 items ( 1.01%) ( 3010 points) Valuables value: (no points given unless you survive) Artifact value: 0 ( 0 points) Variety of kills: 7 monsters ( 1.84%) ( 4066 points) Turncount: 1022 turns ( 0 points) Survival: died (score multiplied by 80%) Total score: 17870 Latest messages: You begin to memorize the runes. You add the "light" spell to your repertoire. You displace Armand. You see here a crude dagger. (2x) r - a crude dagger (weapon in hand). You displace Armand. You hear some noises. You hear some noises in the distance. You hear some noises. You hear some noises in the distance. You displace Armand. You hear bubbling water. The sewer rat bites! (2x) Armand misses the sewer rat. The sewer rat bites! You hear some noises. The sewer rat is killed! Armand bites the grid bug. The grid bug is killed! The door resists! The door opens. You hear someone cursing shoplifters. You displace Armand. The kobold zombie hits! You die... Final status: Aloha Zazza the Tourist, killed by a kobold zombie... You died in The Dungeons of Doom on dungeon level 2 with 17870 points, and 1261 pieces of gold, after 1022 moves. You were level 1 with a maximum of 10 hit points when you died.